 Dungeon Crawl Stone Soup version 0.22.1-2-g9c5b331383 (webtiles) character file.

728 Jerry the Slasher (level 7, -1/55 HPs)
             Began as a Merfolk Gladiator on Nov 25, 2018.
             Was a Follower of Dithmenos.
             Killed by nerve-wracking pain
             ... invoked by a shadow imp
              (4 damage)
             ... on level 5 of the Dungeon.
             The game lasted 00:11:06 (4303 turns).

Jerry the Slasher (Merfolk Gladiator)               Turns: 4303, Time: 00:11:06

Health: -1/55      AC: 12    Str: 17    XL:     7   Next: 72%
Magic:  7/7        EV:  9    Int:  7    God:    Dithmenos [*.....]
Gold:   174        SH:  0    Dex: 15    Spells: 6/6 levels left

rFire    + . .     SeeInvis .   a - +0 long sword
rCold    . . .     Gourm    .   (no shield)
rNeg     . . .     Faith    .   g - +1 chain mail {rF+}
rPois    +         Spirit   .   c - +0 helmet
rElec    .         Reflect  .   n - +0 cloak (curse)
rCorr    .         Harm     .   (no gloves)
MR       .....                  (no boots)
Stlth    ..........             (no amulet)
HPRegen  0.18/turn              r - ring of poison resistance
MPRegen  0.10/turn              (no ring)

@: wreathed by umbra
A: change form in water, swift swim, stealthy swim
a: Renounce Religion


You were on level 5 of the Dungeon.
You worshipped Dithmenos.
Dithmenos was aware of your devotion.
You were very hungry.

You visited 1 branch of the dungeon, and saw 5 of its levels.

You collected 174 gold pieces.

Inventory:

Hand Weapons
 a - a +0 long sword (weapon)
 v - a +2 dagger of venom
Missiles
 d - 2 throwing nets (quivered)
Armour
 c - a +0 helmet (worn)
 g - a +1 chain mail of fire resistance (worn)
 n - a cursed +0 cloak (worn)
Jewellery
 r - a ring of poison resistance (left hand)
Scrolls
 b - a scroll of amnesia {unknown}
 e - 2 scrolls of identify
 h - 4 scrolls of remove curse {unknown}
 k - 3 scrolls of teleportation {unknown}
 m - a scroll of blinking {unknown}
 p - 2 scrolls of fog {unknown}
 s - a scroll of noise {unknown}
 u - a scroll of enchant weapon {unknown}
Potions
 i - a potion of might
 j - a potion of flight
 l - 3 potions of curing
 o - 3 potions of haste
 q - a potion of brilliance
 t - a potion of mutation
Comestibles
 f - 8 rations


   Skills:
 + Level 4.6 Fighting
 * Level 6.7 Long Blades
 - Level 2.0 Throwing
 + Level 2.6 Armour
 - Level 4.0 Dodging
 + Level 3.6 Stealth


You had 6 spell levels left.
You didn't know any spells.
Your spell library was empty.

Dungeon Overview and Level Annotations

Branches:
Dungeon (5/15)             Temple (0/1) D:5

Altars:
Dithmenos
Elyvilon
Makhleb
Nemelex Xobeh
Qazlal
Xom

Annotations:
D:5 2 runed doors


Message History

Your chain mail prevents you from hitting the shadow imp.
The shadow imp barely misses you.
You hit the shadow imp.
The shadow imp is lightly wounded.
The shadow imp barely misses you.
You barely miss the shadow imp.
The shadow imp is lightly wounded.
The shadow imp gestures at you. Pain shoots through your body!
* * * LOW HITPOINT WARNING * * *
You hit the shadow imp.
The shadow imp is moderately wounded.
The shadow imp gestures at you. Pain shoots through your body!
* * * LOW HITPOINT WARNING * * *
You hit the shadow imp.
The shadow imp is moderately wounded.
The shadow imp gestures at you. Pain shoots through your body!
You die...

#....#######....# # #....#
#.5..# # #....+ +....# .
#....# #....# .
#....#######....#
#...............#
#...............# ##
########5################.
#.@...##...........
##.##...#..########>
..)....#....# #.
######...#.### #.
##.##...# #.
#.####.#######.
#..............
##.............
#.###.########


You could see a shadow imp.

Vanquished Creatures
  An ogre (D:4)
  2 phantoms
  A sky beast (D:5)
  A hound (D:4)
  A bullfrog skeleton (D:4)
  An orc priest (D:4)
  2 orc wizards (D:4)
  An iguana (D:4)
  2 worker ants (D:4)
  4 gnolls (D:3)
  3 adders
  An ooze (D:2)
  An adder skeleton (D:4)
  2 worms (D:4)
  A leopard gecko (D:3)
  9 orcs
  A ball python (D:4)
  3 bats
  A giant cockroach (D:5)
  8 hobgoblins
  3 jackals (D:3)
  5 kobolds
  A quokka (D:3)
  7 frilled lizards
  9 goblins
  13 rats
84 creatures vanquished.

Notes
Turn   | Place    | Note
-------+----------+-------------------------------------------
     0 | D:1      | Jerry the Merfolk Gladiator began the quest for the Orb.
     0 | D:1      | Reached XP level 1. HP: 16/16 MP: 1/1
   226 | D:1      | Reached XP level 2. HP: 23/23 MP: 2/2
   781 | D:2      | Reached skill level 4 in Long Blades
   781 | D:2      | Reached XP level 3. HP: 28/28 MP: 3/3
   942 | D:2      | Found a sparkling altar of Nemelex Xobeh.
  1082 | D:2      | Found a shadowy altar of Dithmenos.
  1370 | D:2      | Reached skill level 1 in Armour
  1649 | D:2      | Became a worshipper of Dithmenos the Shadowed
  1680 | D:3      | Found a burning altar of Makhleb.
  1725 | D:3      | Reached XP level 4. HP: 29/35 MP: 4/4
  2127 | D:3      | Found a faded altar of an unknown god.
  2166 | D:3      | Found a white marble altar of Elyvilon.
  2209 | D:3      | Found a shimmering altar of Xom.
  2334 | D:3      | Found a stormy altar of Qazlal.
  2470 | D:3      | Reached skill level 1 in Stealth
  2753 | D:4      | Noticed an ogre
  2756 | D:4      | Reached XP level 5. HP: 37/41 MP: 5/5
  2764 | D:4      | Killed an ogre
  2764 | D:4      | Reached skill level 5 in Long Blades
  2955 | D:4      | Reached XP level 6. HP: 42/48 MP: 6/6
  3180 | D:4      | Reached * piety under Dithmenos
  3321 | D:4      | Found a sparkling altar of Nemelex Xobeh.
  3711 | D:4      | Reached skill level 6 in Long Blades
  3711 | D:4      | Reached XP level 7. HP: 54/54 MP: 7/7
  4041 | D:5      | Entered Level 5 of the Dungeon
  4090 | D:5      | Found a staircase to the Ecumenical Temple.
  4167 | D:5      | Found a runed door.
  4191 | D:5      | Found a runed door.
  4236 | D:5      | HP: 2/55 [phantom (7)]
  4303 | D:5      | Killed from afar by a shadow imp

Skill      XL: |  1  2  3  4  5  6  7 |
---------------+----------------------+-----
Long Blades    | 4 5 6 |  6.7
Armour         | 1 2 |  2.6
Fighting       | 3 4 |  4.6
Stealth        | 1 2 3 |  3.6
Throwing       | |  2.0
Dodging        | |  4.0

Action                   |  1- 3 |  4- 6 |  7- 9 || total
-------------------------+-------+-------+-------++-------
Melee: Long sword        |    96 |   169 |    69 ||   334
       Dagger            |       |       |    10 ||    10
Throw: Throwing net      |       |     1 |       ||     1
  Use: Scroll            |       |       |     6 ||     6
       Potion            |       |       |     1 ||     1
 Stab: Sleeping          |     1 |       |       ||     1
       Held in net/web   |       |     1 |       ||     1
  Eat: Chunk             |     2 |     7 |     1 ||    10
Armor: Leather armour    |    29 |       |       ||    29
       Chain mail        |     6 |   115 |    36 ||   157
Dodge: Dodged            |    56 |    85 |    27 ||   168
       Rpst.: Long sword |    17 |    34 |     7 ||    58
